 Dungeon Crawl Stone Soup version 0.25-a0-366-g516bc45ae0 (webtiles) character file.

Game seed: 13576975502423644269, levelgen mode: deterministic

1341 DerDa the Fighter (level 8, -10/74 HPs)
             Began as a Minotaur Berserker on Jan 6, 2020.
             Was a Priest of Trog.
             Killed by divine providence
             ... invoked by an orc priest
              (13 damage)
             ... on level 6 of the Dungeon.
             The game lasted 00:09:31 (4112 turns).

DerDa the Fighter (Minotaur Berserker)              Turns: 4112, Time: 00:09:32

Health: -10/74     AC:  9    Str: 24    XL:     8   Next: 35%
Magic:  7/7        EV: 11    Int:  4    God:    Trog [***...]
Gold:   342        SH:  9    Dex: 10    Spells: 7/7 levels left

rFire    + . .     SeeInvis .   a - +0 falchion
rCold    . . .     Gourm    .   s - +0 shield
rNeg     . . .     Faith    .   r - +0 ring mail (curse)
rPois    .         Spirit   .   (helmet restricted)
rElec    .         Reflect  .   q - +2 cloak
rCorr    +         Harm     .   (no gloves)
MR       .....                  (no boots)
Stlth    ..........             (no amulet)
HPRegen  0.22/turn              f - ring of protection from fire
MPRegen  0.10/turn              F - ring of resist corrosion

@: no status effects
A: retaliatory headbutt, horns 2
a: Berserk, Trog's Hand, Renounce Religion


You were on level 6 of the Dungeon.
You worshipped Trog.
Trog was most pleased with you.
You were not hungry.

You visited 2 branches of the dungeon, and saw 7 of its levels.

You collected 387 gold pieces.
You spent 45 gold pieces at shops.

Inventory:

Hand Weapons
 a - a +0 falchion (weapon)
 d - a +0 hunting sling
Missiles
 j - 226 stones (quivered)
 y - 7 poisoned darts
Armour
 b - a +0 animal skin
 q - a +2 cloak (worn)
 r - a cursed +0 ring mail (worn)
 s - a +0 shield (worn)
Jewellery
 f - a ring of protection from fire (left hand)
 B - an uncursed ring of fire
 F - a ring of resist corrosion (right hand)
Scrolls
 e - 6 scrolls of teleportation
 g - a scroll of enchant armour
 i - 3 scrolls of enchant weapon
 k - 4 scrolls of remove curse
 o - 2 scrolls of blinking
 p - 2 scrolls of fear
 t - 2 scrolls of immolation {unknown}
 x - 2 scrolls of magic mapping {unknown}
 C - a scroll of fog {unknown}
 G - a scroll of amnesia {unknown}
Potions
 h - a potion of curing
 l - a potion of haste {unknown}
 m - 2 potions of brilliance
 n - a potion of mutation {unknown}
 u - a potion of invisibility {unknown}
 v - a potion of lignification {unknown}
 w - 2 potions of resistance {unknown}
 z - a potion of magic {unknown}
 A - 2 potions of heal wounds {unknown}
 E - 2 potions of agility {unknown}
Comestibles
 c - 15 rations


   Skills:
 * Level 8.0 Fighting
 - Level 3.6 Long Blades
 + Level 5.9 Armour
 * Level 6.8 Dodging
 + Level 4.0 Shields


You had 7 spell levels left.
You didn't know any spells.
Your spell library was empty.

Dungeon Overview and Level Annotations

Branches:
Dungeon (6/15)             Temple (1/1) D:5

Altars:
Dithmenos
Fedhas
Hepliaklqana
Kikubaaqudgha
Makhleb
Nemelex Xobeh
Okawaru
Qazlal
Trog
Uskayaw
Wu Jian
Yredelemnul
The Shining One

Shops:
D:6 *}%


Innate Abilities, Weirdness & Mutations

You reflexively headbutt those who attack you in melee.
You have a pair of horns on your head.


Message History

You block the orc wizard's attack.
The orc priest looks satisfied for a moment.
The orc wizard hits you with a +0 dagger.
You block the orc wizard's attack. You block the orc wizard's attack.
The orc wizard casts a spell at you. The puff of flame hits you. You resist.
The orc priest calls down the wrath of Beogh upon you.
Beogh smites you!
* * * LOW HITPOINT WARNING * * *
The bullfrog swells and bulges.
The orc priest looks satisfied for a moment.
The orc wizard zaps a wand.
You are blasted!
* * * LOW HITPOINT WARNING * * *
The orc wizard casts a spell.
The orc wizard flickers and vanishes!
Deactivating autopickup; reactivate with Ctrl-A.
The orc priest calls down the wrath of Beogh upon you.
Beogh smites you!
You die...

#.....#..#....#....
#........#.........
#................... ###
##...................
#.####.......#............
##.##....................#
##.............<..........#.
#...........................
###.....#......@........##.
####.####..............#
#....## #...F{o.#.....#..#
##.....####..o...#.....#..
###.....##........[...##.#
#...........#...o......###
.......#..#......###.....#
.......####......###........
..♣....###..#..............#


You could see a bullfrog, an orc priest, an orc wizard and an orc.

Vanquished Creatures
  An ice beast (D:6)
  A sky beast (D:6)
  A phantom (D:4)
  3 ogres (D:5)
  4 centaurs
  A water moccasin zombie (D:5)
  2 howler monkeys
  2 crimson imps (D:4)
  Crazy Yiuf (D:2)
  3 worker ants
  A hound skeleton (D:4)
  4 gnolls
  8 adders
  An ooze (D:1)
  An adder zombie (D:5)
  2 adder skeletons
  2 worms (D:2)
  2 dart slugs (D:1)
  3 leopard geckos
  3 orcs
  A ball python (D:2)
  6 giant cockroaches
  10 goblins
  6 hobgoblins
  8 jackals
  2 quokkas
  4 bats
  3 frilled lizards
  2 gnoll zombies (D:3)
  8 kobolds
  A leopard gecko skeleton (D:4)
  9 rats
  A fungus (D:2)
107 creatures vanquished.

Notes
Turn   | Place    | Note
-------+----------+-------------------------------------------
     0 | D:1      | DerDa the Minotaur Berserker began the quest for the Orb.
     0 | D:1      | Reached XP level 1. HP: 19/19 MP: 0/0
   161 | D:1      | Reached XP level 2. HP: 25/27 MP: 1/1
   216 | D:1      | Reached skill level 4 in Fighting
   783 | D:2      | Reached XP level 3. HP: 26/33 MP: 2/2
   843 | D:2      | Reached ** piety under Trog
  1360 | D:2      | Reached XP level 4. HP: 41/41 MP: 3/3
  1657 | D:2      | Found a faded altar of an unknown god.
  1782 | D:2      | Found a runed translucent door.
  1783 | D:2      | Noticed Crazy Yiuf
  1789 | D:2      | Killed Crazy Yiuf
  2136 | D:3      | Reached XP level 5. HP: 47/47 MP: 4/4
  2321 | D:3      | Reached skill level 5 in Fighting
  2390 | D:3      | Found a basalt altar of Yredelemnul.
  2594 | D:4      | Noticed a centaur
  2595 | D:4      | Found a blossoming altar of Fedhas.
  2616 | D:4      | Killed a centaur
  2616 | D:4      | Reached skill level 1 in Shields
  2730 | D:4      | Noticed a centaur
  2751 | D:4      | Killed a centaur
  2751 | D:4      | Reached XP level 6. HP: 40/57 MP: 5/5
  2784 | D:4      | Reached *** piety under Trog
  2813 | D:4      | Reached skill level 6 in Fighting
  2813 | D:4      | Reached skill level 5 in Dodging
  2962 | D:4      | Reached XP level 7. HP: 60/63 MP: 6/6
  3355 | D:5      | Entered Level 5 of the Dungeon
  3355 | D:5      | Found a stormy altar of Qazlal.
  3375 | D:5      | Reached skill level 5 in Armour
  3519 | D:5      | Reached skill level 7 in Fighting
  3541 | D:5      | Found an ancient bone altar of Kikubaaqudgha.
  3550 | D:5      | Found a staircase to the Ecumenical Temple.
  3562 | Temple   | Entered the Ecumenical Temple
  3804 | D:5      | Reached XP level 8. HP: 58/73 MP: 7/7
  4053 | D:6      | Reached skill level 8 in Fighting
  4084 | D:6      | Found Voopn's General Store.
  4092 | D:6      | Bought a potion of curing for 45 gold pieces
  4096 | D:6      | Found Elaok's Gadget Shoppe.
  4100 | D:6      | Found Tinebu Cifast's Food Boutique.
  4110 | D:6      | HP: 2/74 [disintegration (17)]
  4112 | D:6      | Killed from afar by an orc priest

Levels and vault maps discovered:
D:1:      minmay_arrival_open_corners, layout_loops_corners, serial_glass,
          glass_columns_b, glass_columns_b
D:2:      minmay_spotlight, layout_loops_ring, chequers_ecumenical_altar_island,
          grunt_ministairs_3, uniq_crazy_yiuf_cottage
D:3:      layout_basic, lemuel_zombie_altar_yredelemnul, serial_bayou_crossing
D:4:      layout_basic, fedhas_bush_and_centaur_altar
D:5:      kennysheep_six_static_rooms, layout_rooms, overflow_temple_1_default,
          first_ration, grunt_qazlal_clouds
D:6:      cheibrodos_barr_body, layout_cave_pools, cheibriados_altar_1,
          serial_shops, nicolae_shop_trees, shop,
          nicolae_shop_competitors_out_of_business,
          nicolae_shop_competitors_out_of_business, enter_ossuary_3,
          uniq_sigmund
Temple:   compressed_dpeg_circular_temple

Skill      XL: |  1  2  3  4  5  6  7  8 |
---------------+-------------------------+-----
Fighting       | 4 5 6 7 8 |  8.0
Armour         | 3 4 5 |  5.9
Dodging        | 3 4 5 6 |  6.8
Shields        | 1 2 3 4 |  4.0
Long Blades    | |  3.6

Action                   |  1- 3 |  4- 6 |  7- 9 || total
-------------------------+-------+-------+-------++-------
Melee: Falchion          |    94 |   133 |   109 ||   336
       Headbutt          |    16 |    26 |    25 ||    67
Invok: Berserk           |       |     1 |     1 ||     2
  Use: Scroll            |       |       |     6 ||     6
       Potion            |       |       |     1 ||     1
 Stab: Sleeping          |     1 |       |       ||     1
  Eat: Chunk             |     2 |     6 |     4 ||    12
Armor: Animal skin       |    20 |     3 |       ||    23
       Ring mail         |       |    37 |    42 ||    79
Dodge: Dodged            |    67 |    62 |    36 ||   165
Block: Shield            |       |    49 |    44 ||    93
       Rpst.: Falchion   |    14 |    19 |    10 ||    43

Table legend:
 A = Non-vault XP
 B = Vault XP
 C = Vault XP percentage of total XP
 D = Non-vault monster count
 E = Vault monster count
 F = Vault count percentage of total count
                 A         B        C        D         E       F
            +---------+---------+-------+---------+---------+-------
      Total |    1505 |     412 |  21.5 |      93 |      13 |  12.3
            +---------+---------+-------+---------+---------+-------
        D:1 |      38 |       0 |   0.0 |      19 |       0 |   0.0
        D:2 |      82 |      52 |  38.8 |      23 |       6 |  20.7
        D:3 |      31 |       3 |   8.8 |      17 |       2 |  10.5
        D:4 |     533 |     106 |  16.6 |      18 |       1 |   5.3
        D:5 |     560 |     251 |  30.9 |      13 |       4 |  23.5
        D:6 |     261 |       0 |   0.0 |       3 |       0 |   0.0
            +---------+---------+-------+---------+---------+-------
